 Dungeon Sprint DCSS version 0.30.0-29-ga12c61a403 (webtiles) character file.

Game seed: 7318919966287320258

1 boopmooplesden the Trooper (level 1, -1/20 HPs)
             Began as a Minotaur Berserker on June 19, 2023.
             Was a Follower of Trog.
             Slain by a river rat (2 damage)
             ... in the Dungeon (Sprint VII: "The Pits").
             The game lasted 00:00:14 (49 turns).

boopmooplesden the Trooper (Minotaur Berserker)       Turns: 49, Time: 00:00:14

Health: -1/20      AC:  2    Str: 21    XL:     1   Next: 16%
Magic:  0/0        EV: 12    Int:  4    God:    Trog [*.....]
Gold:   0          SH:  0    Dex:  9    Spells: 0/0 levels left

rFire   . . .        i - +2 hand axe
rCold   . . .        (no shield)
rNeg    . . .        b - +0 animal skin
rPois   .            (helmet restricted)
rElec   .            (no cloak)
rCorr   .            (no gloves)
SInv    .            (no boots)
Will    .....        (no amulet)
Stlth   +            (no ring)
HPRegen 0.23/turn    (no ring)
MPRegen 0.07/turn

%: no teleportation
@: no status effects
A: horns 2, retaliatory headbutt
a: Renounce Religion, Berserk


You were in the Dungeon.
You worshipped Trog.
Trog was aware of your devotion.
You visited 1 branch

Inventory:

Hand Weapons
 a - a +0 hand axe
 i - a +2 hand axe (weapon)
Armour
 b - a +0 animal skin (worn)
Scrolls
 h - a scroll of blinking
 k - a scroll of butterflies
Potions
 c - a potion of curing
 d - a potion of heal wounds
 e - a potion of haste
 f - 4 potions of magic
 g - 3 potions of berserk rage
 j - 2 potions of invisibility


   Skills:
 + Level 4.0 Fighting
 + Level 4.0 Axes
 + Level 2.5 Armour
 + Level 2.3 Dodging


You couldn't memorise any spells.
You didn't know any spells.
Your spell library was empty.

Dungeon Overview and Level Annotations

Branches:
Dungeon (1/1)

Altars:


Innate Abilities, Weirdness & Mutations

You have a pair of horns on your head.
You reflexively headbutt those who attack you in melee.


Message History

There is an open door here.
f - 4 potions of magic (gained 2)
g - 3 potions of berserk rage (gained 2)
j - 2 potions of invisibility You see here 10 stones.
k - a scroll of butterflies
Things that are here:
2 scrolls of vulnerability; 5 scrolls of amnesia
Things that are here:
2 scrolls of vulnerability; 5 scrolls of amnesia You see here 10 stones.
There is an open door here.
Things that are here:
a +2 quarterstaff; a +2 trident You see here a +2 mace.
Things that are here:
a +2 falchion; a +2 dagger
There is an open door here.
You open the door.
A ball python and a river rat come into view.
The ball python bites you. The ball python grabs you.
The ball python constricts you.
You slash the ball python!
You kill the ball python!
Trog accepts your kill.
Your Fighting skill increases to level 4!
Your Axes skill increases to level 4!
The river rat bites you!
There is an open door here.
You hit the river rat but do no damage. The river rat barely misses you.
You barely miss the river rat. The river rat closely misses you.
The river rat bites you.
You hit the river rat.
The river rat is lightly wounded.
The river rat bites you.
* * * LOW HITPOINT WARNING * * *
You hit the river rat.
The river rat is moderately wounded.
The river rat bites you.
You die...

##########++
##########+##...........
#.?(.')))'.##......#..#
##########.##..........
#...........'...........
+#####@#####......#..#.
#r# #........... #.#
####'#####+ +.#
#.......# ### #.......#
#.......# #...<...#
#.......# #.......#


You could see a river rat.

Vanquished Creatures
  A ball python (D)
  A frilled lizard (D)
2 creatures vanquished.

Notes
Turn   | Place    | Note
-------+----------+-------------------------------------------
     0 | D        | boopmooplesden the Minotaur Berserker began the quest for
                  | the Orb.
     0 | D        | Reached XP level 1. HP: 19/19 MP: 0/0
    48 | D        | HP: 1/20 [river rat (6)]
    49 | D        | Slain by a river rat

Illustrated notes

Levels and vault maps discovered:
D:        pitsprint [storerooms_1, entrance_room_1, metal_vault_1, armoury_2,
          mini_pit_1, grid_room_1, main_hall_1, silver_pit, the_coven_3,
          the_vestibule_1, steel_vault_5, golden_pit, hallway_of_sentries,
          crystal_vault_2, iron_vault_5, final_vault]

Skill      XL: |  1 |
---------------+----+-----
Fighting       | 4 |  4.0
Axes           | 4 |  4.0
Armour         | |  2.5
Dodging        | |  2.3

Action                     || total
---------------------------++-------
  Melee: Hand axe          ||     6
         Headbutt          ||     1
  Dodge: Dodged            ||     2
